Workbook

Sheet Balance sheet
A1: Bilan | H1: Balance sheet
A3: (En millions XOF) | B3: 2024 | C3: 2025 | E3: % Δ 2025 | H3: (In millions XOF) | I3: 2024 | J3: 2025 | L3: % Δ 2025
A4: Immobilisations incorporelles | B4: 2425 | C4: 2168 | E4: =C4/B4-1 -> -0.10597938 | H4: Cash | I4: =B11 -> 13531 | J4: =C11 -> 8851 | L4: =J4/I4-1 -> -0.34587244
A5: Immobilisations corporelles | B5: 60406 | C5: 61130 | E5: =C5/B5-1 -> 0.011985564 | H5: Accounts receivable | I5: =B9 -> 89434 | J5: =C9 -> 88748 | L5: =J5/I5-1 -> -0.0076704609
A6: Immobilisations financières | B6: 8209 | C6: 7941 | E6: =C6/B6-1 -> -0.032647095 | H6: Inventory | I6: =B8 -> 17521 | J6: =C8 -> 19634 | L6: =J6/I6-1 -> 0.12059814
A7: Actif immobilisé | B7: =SUM(B4:B6) -> 71040 | C7: =SUM(C4:C6) -> 71239 | E7: =C7/B7-1 -> 0.0028012387 | H7: Total current asset | I7: =SUM(I4:I6) -> 120486 | J7: =SUM(J4:J6) -> 117233 | L7: =J7/I7-1 -> -0.026998987
A8: Stocks | B8: 17521 | C8: 19634 | E8: =C8/B8-1 -> 0.12059814 | H8: PP&E | I8: =B5 -> 60406 | J8: =C5 -> 61130 | L8: =J8/I8-1 -> 0.011985564
A9: Créances et emplois assimilés | B9: 89434 | C9: 88748 | E9: =C9/B9-1 -> -0.0076704609 | H9: Intangible assets | I9: =B4 -> 2425 | J9: =C4 -> 2168 | L9: =J9/I9-1 -> -0.10597938
A10: Actif circulant | B10: =SUM(B8:B9) -> 106955 | C10: =SUM(C8:C9) -> 108382 | E10: =C10/B10-1 -> 0.01334206 | H10: Other non current assets | I10: =B6 -> 8209 | J10: =C6 -> 7941 | L10: =J10/I10-1 -> -0.032647095
A11: Trésorerie - Actif | B11: 13531 | C11: 8851 | E11: =C11/B11-1 -> -0.34587244 | H11: Total assets | I11: =SUM(I7:I10) -> 191526 | J11: =SUM(J7:J10) -> 188472 | L11: =J11/I11-1 -> -0.015945616
A12: Total Actif | B12: =SUM(B7,B10,B11) -> 191526 | C12: =SUM(C7,C10,C11) -> 188472 | E12: =C12/B12-1 -> -0.015945616 | H12: Accounts payable | I12: =B21 -> 76315 | J12: =C21 -> 70725 | L12: =J12/I12-1 -> -0.073249034
A13: Capital, primes et réserves | B13: 27708 | C13: 23082 | E13: =C13/B13-1 -> -0.16695539 | H13: Deferred revenue | I13: =B20 -> 33608 | J13: =C20 -> 37173 | L13: =J13/I13-1 -> 0.10607593
A14: Résultat net de l'exercice | B14: 9374 | C14: 9087 | E14: =C14/B14-1 -> -0.030616599 | H14: Other current liabilities | I14: =B22+B24 -> 37339 | J14: =C22+C24 -> 40922 | L14: =J14/I14-1 -> 0.095958649
A15: Autres capitaux propres | B15: 4033 | C15: 4033 | H15: Total current liabilities | I15: =SUM(I12:I14) -> 147262 | J15: =SUM(J12:J14) -> 148820 | L15: =J15/I15-1 -> 0.010579783
A16: Capitaux propres | B16: =SUM(B13:B15) -> 41115 | C16: 36202 | E16: =C16/B16-1 -> -0.1194941 | H16: Long-term debt | I16: =B17 -> 1681 | J16: =C17 -> 1888 | L16: =J16/I16-1 -> 0.12314099
A17: Emprunts à LT | B17: 1681 | C17: 1888 | E17: =C17/B17-1 -> 0.12314099 | H17: Other non current liabilities | I17: =B18 -> 1468 | J17: =C18 -> 1562 | L17: =J17/I17-1 -> 0.064032698
A18: Provisions financières pour provisions et charges | B18: 1468 | C18: 1562 | E18: =C18/B18-1 -> 0.064032698 | H18: Total liabilities | I18: =SUM(I15:I17) -> 150411 | J18: =SUM(J15:J17) -> 152270 | L18: =J18/I18-1 -> 0.012359468
A19: Financement permanent | B19: =SUM(B16:B18) -> 44264 | C19: =SUM(C16:C18) -> 39652 | E19: =C19/B19-1 -> -0.10419302 | H19: Total Equity | I19: =B16 -> 41115 | J19: =C16 -> 36202 | L19: =J19/I19-1 -> -0.1194941
A20: Clients, avances reçues | B20: 33608 | C20: 37173 | E20: =C20/B20-1 -> 0.10607593 | H20: Total liabilities & Equity | I20: =SUM(I18:I19) -> 191526 | J20: =SUM(J18:J19) -> 188472 | L20: =J20/I20-1 -> -0.015945616
A21: Fournisseurs d'exploitation | B21: 76315 | C21: 70725 | E21: =C21/B21-1 -> -0.073249034
A22: Dettes fiscales et sociales et autres dettes | B22: 15604 | C22: 10145 | E22: =C22/B22-1 -> -0.34984619
A23: Passif circulant | B23: =SUM(B20:B22) -> 125527 | C23: =SUM(C20:C22) -> 118043 | E23: =C23/B23-1 -> -0.059620639
A24: Trésorerie - Passif | B24: 21735 | C24: 30777 | E24: =C24/B24-1 -> 0.41601104
A25: Total Passif | B25: =B19+B23+B24 -> 191526 | C25: =SUM(C19,C23,C24) -> 188472 | E25: =C25/B25-1 -> -0.015945616
A27: KPIs | H27: KPIs
A28: Ratios de liquidité | H28: Ratio of liquidity
A29: Ratio de liquidité générale | B29: =(B10+B11)/(B23+B24) -> 0.81817441 | C29: =(C10+C11)/(C23+C24) -> 0.7877503 | E29: =C29/B29-1 -> -0.037185357 | H29: Current ratio | I29: =I7/I15 -> 0.81817441 | J29: =J7/J15 -> 0.7877503 | L29: =J29/I29-1 -> -0.037185357
A30: Ratio de liquidité réduite | B30: =B11/(B23+B24) -> 0.091883853 | C30: =C11/(C23+C24) -> 0.059474533 | E30: =C30/B30-1 -> -0.35272052 | H30: Quick ratio | I30: =I4/I15 -> 0.091883853 | J30: =J4/J15 -> 0.059474533 | L30: =J30/I30-1 -> -0.35272052
A31: DSO | B31: =B9/'Income statement'!B6*360 -> 51.028357 | C31: =C9/'Income statement'!C6*360 -> 53.438954 | E31: =C31/B31-1 -> 0.047240327 | H31: DSO | I31: =(I5/'Income statement'!I6)*360 -> 51.028357 | J31: =(J5/'Income statement'!J6)*360 -> 53.438954 | L31: =J31/I31-1 -> 0.047240327
A32: DIO | B32: =B8/('Income statement'!B7)*360 -> -11.33599 | C32: =C8/('Income statement'!C7+'Cash Flow statement'!C6)*360 -> -13.559678 | E32: =C32/B32-1 -> 0.19616186 | H32: DIO | I32: =I6/('Income statement'!I7)*360 -> -11.33599 | J32: =J6/('Income statement'!J7)*360 -> -13.614841 | L32: =J32/I32-1 -> 0.20102801
A33: DPO | B33: =B21/('Income statement'!B7)*360 -> -49.375381 | C33: =C21/('Income statement'!C7-'Cash Flow statement'!C6)*360 -> -49.243296 | E33: =C33/B33-1 -> -0.0026751134 | H33: DPO | I33: =I12/('Income statement'!I7)*360 -> -49.375381 | J33: =J12/('Income statement'!J7)*360 -> -49.042968 | L33: =J33/I33-1 -> -0.0067323643
A34: Cycle commercial net | B34: =SUM(B31:B33) -> -9.6830131 | C34: =SUM(C31:C33) -> -9.3640208 | E34: =C34/B34-1 -> -0.032943489 | H34: Net trading cycle | I34: =SUM(I31:I33) -> -9.6830131 | J34: =SUM(J31:J33) -> -9.2188551 | L34: =J34/I34-1 -> -0.047935281
A36: Ratios de solvabilité | H36: Ratio of solvency
A37: Ratio d'indépendance financière | B37: =SUM(B17:B18,B23,B24)/B12 -> 0.78532941 | C37: =SUM(C17:C18,C23,C24)/C12 -> 0.80791842 | E37: =C37/B37-1 -> 0.02876374 | H37: Debt ratio | I37: =I18/I11 -> 0.78532941 | J37: =J18/J11 -> 0.80791842 | L37: =J37/I37-1 -> 0.02876374

Sheet Income statement
A1: Compte de résultat | H1: Income statement (P&L)
A3: (En millions de FCFA) | B3: 2024 | C3: 2025 | E3: % Δ 2025 | H3: (En millions de FCFA) | I3: 2024 | J3: 2025 | L3: % Δ 2025
A4: Chiffre d'affaires | B4: 621042 | C4: 588709 | E4: =C4/B4-1 -> -0.052062501 | H4: Revenue | I4: =B4 -> 621042 | J4: =C4 -> 588709 | L4: =J4/I4-1 -> -0.052062501
A5: Autres produits | B5: 9906 | C5: 9156 | E5: =C5/B5-1 -> -0.07571169 | H5: Other revenue | I5: =B5 -> 9906 | J5: =C5 -> 9156 | L5: =J5/I5-1 -> -0.07571169
A6: Chiffre d'affaires total | B6: =SUM(B4:B5) -> 630948 | C6: =SUM(C4:C5) -> 597865 | E6: =C6/B6-1 -> -0.052433798 | H6: Total revenue | I6: =SUM(I4:I5) -> 630948 | J6: =SUM(J4:J5) -> 597865 | L6: =J6/I6-1 -> -0.052433798
A7: Achats de marchandises et variation de stocks | B7: -556419 | C7: -519157 | E7: =C7/B7-1 -> -0.066967519 | H7: Cost of goods sold | I7: =B7 -> -556419 | J7: =C7 -> -519157 | L7: =J7/I7-1 -> -0.066967519
A8: Autres achats et charges externes | B8: -47755 | C8: -49155 | E8: =C8/B8-1 -> 0.029316302 | H8: Other costs | I8: =B8 -> -47755 | J8: =C8 -> -49155 | L8: =J8/I8-1 -> 0.029316302
A9: Valeur ajoutée | B9: =SUM(B6:B8) -> 26774 | C9: =SUM(C6:C8) -> 29553 | E9: =C9/B9-1 -> 0.10379473 | H9: Gross profit | I9: =SUM(I6:I8) -> 26774 | J9: =SUM(J6:J8) -> 29553 | L9: =J9/I9-1 -> 0.10379473
A10: Charges de Personnel | B10: -6745 | C10: -7206 | E10: =C10/B10-1 -> 0.068346924 | H10: Selling, General and Administrative expenses | I10: =B10 -> -6745 | J10: =C10 -> -7206 | L10: =J10/I10-1 -> 0.068346924
A11: Excédent brut d'exploitation | B11: =SUM(B9:B10) -> 20029 | C11: =SUM(C9:C10) -> 22347 | E11: =C11/B11-1 -> 0.11573219 | H11: EBITDA | I11: =SUM(I9:I10) -> 20029 | J11: =SUM(J9:J10) -> 22347 | L11: =J11/I11-1 -> 0.11573219
A12: Dotations aux amortissements et aux provisions nettes | B12: -9538 | C12: -10018 | E12: =C12/B12-1 -> 0.050325016 | H12: D&A | I12: =B12 -> -9538 | J12: =C12 -> -10018 | L12: =J12/I12-1 -> 0.050325016
A13: Résultat d'exploitation | B13: =SUM(B11:B12) -> 10491 | C13: =SUM(C11:C12) -> 12329 | E13: =C13/B13-1 -> 0.17519779 | H13: EBIT | I13: =SUM(I11:I12) -> 10491 | J13: =SUM(J11:J12) -> 12329 | L13: =J13/I13-1 -> 0.17519779
A14: Résultat financier | B14: 2687 | C14: 268 | E14: =C14/B14-1 -> -0.90026051 | H14: Financial result | I14: =B14 -> 2687 | J14: =C14 -> 268 | L14: =J14/I14-1 -> -0.90026051
A15: Résultat des activités ordinaires | B15: =SUM(B13:B14) -> 13178 | C15: =SUM(C13:C14) -> 12597 | E15: =C15/B15-1 -> -0.044088633 | H15: Result from non operating income | I15: =B16 -> -869 | J15: =C16 -> 0
A16: Résultat hors activités ordinaires | B16: -869 | C16: 0 | H16: EBT | I16: =SUM(I13:I15) -> 12309 | J16: =SUM(J13:J15) -> 12597 | L16: =J16/I16-1 -> 0.023397514
A17: Impôts sur le résultat | B17: -2934 | C17: -3510 | E17: =C17/B17-1 -> 0.19631902 | H17: Net income taxes | I17: =B17 -> -2934 | J17: =C17 -> -3510 | L17: =J17/I17-1 -> 0.19631902
A18: Résultat net | B18: =SUM(B15:B17) -> 9375 | C18: =SUM(C15:C17) -> 9087 | E18: =C18/B18-1 -> -0.03072 | H18: Net income | I18: =SUM(I16:I17) -> 9375 | J18: =SUM(J16:J17) -> 9087 | L18: =J18/I18-1 -> -0.03072
A20: KPIs | H20: KPIs
A21: Marge Brute % | B21: =(B6+B9)/B6 -> 1.0424346 | C21: =(C6+C9)/C6 -> 1.0494309 | E21: =C21/B21-1 -> 0.0067115319 | H21: GP% | I21: =(I6+I9)/I6 -> 1.0424346 | J21: =(J6+J9)/J6 -> 1.0494309 | L21: =J21/I21-1 -> 0.0067115319
A22: ROA | B22: =B18/'Balance sheet'!B12 -> 0.048948968 | C22: =C18/'Balance sheet'!C12 -> 0.048214058 | E22: =C22/B22-1 -> -0.015013788 | H22: ROA | I22: =I18/'Balance sheet'!I11 -> 0.048948968 | J22: =J18/'Balance sheet'!J11 -> 0.048214058 | L22: =J22/I22-1 -> -0.015013788
A23: ROE | B23: ='Income statement'!B18/('Balance sheet'!B16) -> 0.22801897 | C23: ='Income statement'!C18/('Balance sheet'!C16) -> 0.25100823 | E23: =C23/B23-1 -> 0.1008217 | H23: ROE | I23: =I18/(SUM('Balance sheet'!I19:I19)) -> 0.22801897 | J23: =J18/(SUM('Balance sheet'!J19:J19)) -> 0.25100823 | L23: =J23/I23-1 -> 0.1008217

Sheet Cash Flow statement
A1: Flux de trésorerie | H1: Cash Flow statement
A3: (En millions FCFA) | B3: 2024 | C3: 2025 | E3: % Δ 2025 | H3: (En millions FCFA) | I3: 2024 | J3: 2025 | L3: % Δ 2025
A4: Trésorerie au 01 Janvier | B4: -11030 | C4: -8204 | E4: =C4/B4-1 -> -0.25621034 | H4: Net income | I4: ='Income statement'!I18 -> 9375 | J4: ='Income statement'!J18 -> 9087 | L4: =J4/I4-1 -> -0.03072
A5: Capacité d'Autofinancement Global (CAFG) | B5: 19247 | C5: 19106 | E5: =C5/B5-1 -> -0.007325817 | H5: D&A | I5: =-'Income statement'!I12 -> 9538 | J5: =-'Income statement'!J12 -> 10018
A6: Variation des stocks | B6: 2320 | C6: -2112 | H6: Changes in Inventory | I6: =-('Balance sheet'!I6-19841) -> 2320 | J6: =-('Balance sheet'!J6-'Balance sheet'!I6) -> -2113
A7: Variation des créances | B7: -15550 | C7: 686 | H7: Changes in Accounts receivable | I7: =-('Balance sheet'!I5-73885) -> -15549 | J7: =-('Balance sheet'!J5-'Balance sheet'!I5) -> 686
A8: Variation du passif circulant | B8: 21892 | C8: -7483 | H8: Changes in Accounts payable | I8: =SUM('Balance sheet'!I12:I13)-26937-69799 -> 13187 | J8: =SUM('Balance sheet'!J12:J13)-SUM('Balance sheet'!I12:I13) -> -2025
A9: Variation du BF lié aux activités opérationnelles | B9: 8662 | C9: -8910 | H9: Changes in other current liabilities | I9: ='Balance sheet'!I14-6898-15856-6416-'Income statement'!B16 -> 9038 | J9: ='Balance sheet'!J14-'Balance sheet'!I14-9040 -> -5457
H10: Cash flow from operating activities | I10: =SUM(I4:I9) -> 27909 | J10: =SUM(J4:J9) -> 10196 | L10: =J10/I10-1 -> -0.63466982
A11: Flux de trésorerie provenant des activités opérationnelles | B11: =B5+B9 -> 27909 | C11: =C5+C9 -> 10196 | E11: =C11/B11-1 -> -0.63466982 | H11: CAPEX | I11: =SUM(B12:B16) -> -11898 | J11: =SUM(C12:C16) -> -10125
A12: Décaissements liés aux acquisitions d'immobilisations incorporelles | B12: -30 | C12: -13 | H12: Cash flow from investing activities | I12: =I11 -> -11898 | J12: =J11 -> -10125 | L12: =J12/I12-1 -> -0.14901664
A13: Décaissements liés aux acquisitions d'immobilisations corporelles | B13: -14183 | C13: -10379
A14: Décaissements liés aux acquisitions d'immobilisations financières | B14: -385 | C14: -393 | H14: Borrowings | I14: =SUM(B20) -> 629 | J14: =SUM(C20) -> 207
A15: Encaissements liés aux cessions d'immobilisations incorporelles et corporelles | B15: -72 | C15: 0 | H15: Changes in Equity and dividends | I15: =B19 -> -13959 | J15: =C19 -> -14000
A16: Encaissements liés aux cessions d'immobilisations financières | B16: 2772 | C16: 660 | H16: Cash flow from financing activities | I16: =SUM(I14:I15) -> -13330 | J16: =SUM(J14:J15) -> -13793 | L16: =J16/I16-1 -> 0.034733683
A17: Flux de trésorerie provenant des activités d'investissements | B17: =SUM(B12:B16) -> -11898 | C17: =SUM(C12:C16) -> -10125 | E17: =C17/B17-1 -> -0.14901664 | H17: Net cash flow | I17: =I10+I12+I16 -> 2681 | J17: =J10+J12+J16 -> -13722 | L17: =J17/I17-1 -> -6.1182395
A18: Dividendes versés | B18: -13959 | C18: -14000 | H18: Cash at the beginning of period | I18: =B4 -> -11030 | J18: =C4 -> -8204
A19: Flux de trésorerie provenant du financement par les capitaux propres | B19: -13959 | C19: -14000 | H19: Cash at the end of period | I19: =B25 -> 2681 | J19: =C25 -> -13722
A20: Autres dettes financières | B20: 629 | C20: 207 | H20: Net change in Cash | I20: =SUM(I18:I19) -> -8349 | J20: =SUM(J18:J19) -> -21926
A21: Remboursements des emprunts et autres dettes financières | B21: 0 | C21: 0
A22: Flux de trésorerie provenant du financement par les capitaux étrangers | B22: 629 | C22: 207
A23: Flux de trésorerie provenant des activités de financement | B23: =SUM(B19:B20) -> -13330 | C23: =SUM(C19:C20) -> -13793 | E23: =C23/B23-1 -> 0.034733683
A25: Variation de la trésorerie nette de la période | B25: =B11+B17+B23 -> 2681 | C25: =C11+C17+C23 -> -13722 | E25: =C25/B25-1 -> -6.1182395
A26: Trésorerie nette au 31 Décembre | B26: =B4+B25 -> -8349 | C26: =C4+C25 -> -21926
A28: KPIs | H28: KPIs
A29: Ratio de flux de trésorerie opérationnelle | B29: =B11/SUM('Balance sheet'!B23:B24) -> 0.18951936 | C29: =C11/SUM('Balance sheet'!C23:C24) -> 0.068512297 | E29: =C29/B29-1 -> -0.63849447 | H29: Operating cash flow | I29: =I10/'Balance sheet'!I15 -> 0.18951936 | J29: =J10/'Balance sheet'!J15 -> 0.068512297 | L29: =J29/I29-1 -> -0.63849447
A30: Ratio de couverture du service de la dette | B30: =B11/SUM('Balance sheet'!B24,'Balance sheet'!B21:B22,'Balance sheet'!B17) -> 0.24198205 | C30: =C11/SUM('Balance sheet'!C24,'Balance sheet'!C21:C22,'Balance sheet'!C17) -> 0.089804906 | E30: =C30/B30-1 -> -0.62887782 | H30: Cash flow to debt ratio | I30: =I10/SUM('Balance sheet'!I16,'Balance sheet'!I14,'Balance sheet'!I12) -> 0.24198205 | J30: =J10/SUM('Balance sheet'!J16,'Balance sheet'!J14,'Balance sheet'!J12) -> 0.089804906 | L30: =J30/I30-1 -> -0.62887782
A31: Ratio de marge du flux de trésorerie | B31: =B11/'Income statement'!B6 -> 0.044233439 | C31: =C11/'Income statement'!C6 -> 0.017054017 | E31: =C31/B31-1 -> -0.61445419 | H31: Cash flow mergin | I31: =I10/'Income statement'!I6 -> 0.044233439 | J31: =J10/'Income statement'!J6 -> 0.017054017 | L31: =J31/I31-1 -> -0.61445419
A32: Earnings quality ratio | B32: =B11/'Income statement'!B18 -> 2.97696 | C32: =C11/'Income statement'!C18 -> 1.1220425 | E32: =C32/B32-1 -> -0.62309118 | H32: Earnings quality ratio | I32: =I10/'Income statement'!I18 -> 2.97696 | J32: =J10/'Income statement'!J18 -> 1.1220425 | L32: =J32/I32-1 -> -0.62309118
